AoeStats
← bullseyes

African Clearing

506367220Analyzed
4v4 RM · 19d ago on Sep 13, 2026· 34m 53s· 8 players
Game mode
Random Map
Map size
Large (8 player)
Population
200
Speed
Normal
Resources
Standard
Victory
Conquest
Starting age
Dark Age
Ending age
Imperial Age
RankedLock teamsTeams togetherTeam positionsShared explorationLock speedFull tech treeHidden civsTurbo modeCheats
Victory
Defeat
🇩🇪 Magyars · Germany
1626
+13
🇧🇪 Wei · Belgium
1593
+14
🇬🇧 Persians · United Kingdom
1568
+15
🇺🇸 Mongols · United States
1548
+16
🇷🇪 Georgians · Réunion
1580
-16
🇻🇳 Mongols · Vietnam
1563
-15
🇨🇳 Aztecs · China
1532
-14
1505
-13
timembh
7:31 Loom
12:38 Feudal Age
16:54 Scale Barding Armor
18:47 Forging
21:03 Fletching
22:11 Padded Archer Armor
大冲车 滴滴 创死你
3:24 Loom
13:26 Feudal Age
17:02 Double-Bit Axe
23:54 Castle Age
22:53 Gold Mining
G.E.M
6:18 Loom
6:59 Loom
13:12 Feudal Age
13:40 Man-at-Arms
25:33 Castle Age
La Baguette
8:40 Loom
10:50 Feudal Age
11:30 Double-Bit Axe
15:03 Horse Collar
19:29 Scale Barding Armor
19:46 Town Watch
24:49 Wheelbarrow
26:31 Castle Age
25:32 Gold Mining
26:12 Bloodlines
26:16 Stone Mining
Eat_Rice
6:24 Loom
13:41 Feudal Age
18:00 Castle Age
16:00 Double-Bit Axe
19:44 Bow Saw
20:25 Gold Mining
22:48 Fletching
24:33 Bodkin Arrow
28:14 Wheelbarrow
31:31 Hand Cart
35:20 Imperial Age
33:59 Gold Shaft Mining
35:06 Ballistics
TheJenonator
3:19 Loom
11:50 Feudal Age
13:21 Double-Bit Axe
13:36 Horse Collar
26:45 Castle Age
24:55 Fletching
28:44 Bow Saw
31:02 Heavy Plow
31:16 Scale Barding Armor
31:12 Gold Mining
36:56 Imperial Age
Red Eye Scorpio
3:39 Loom
11:41 Feudal Age
11:52 Man-at-Arms
22:19 Castle Age
20:57 Double-Bit Axe
24:42 Bow Saw
27:04 Wheelbarrow
27:24 Scale Barding Armor
31:00 Horse Collar
36:44 Imperial Age
34:21 Gold Mining
35:45 Gold Shaft Mining
bullseyes
11:20 Loom
13:51 Feudal Age
14:36 Horse Collar
14:49 Gold Mining
26:46 Castle Age
27:10 Town Watch
35:17 Town Patrol
Connection lost

Rejoining the realm…

Still unreachable

The connection could not be restored.

Session expired

The server has moved on; the page needs a fresh start.